 Dungeon Crawl Stone Soup version 0.21.0-3-g78d12a8 (webtiles) character file.

52 Monsterracer the Ruffian (level 3, -4/31 HPs)
             Began as a Naga Transmuter on Jan 13, 2018.
             Killed from afar by an orc wizard (7 damage)
             ... with a magic dart
             ... on level 2 of the Dungeon.
             The game lasted 00:05:54 (1619 turns).

Monsterracer the Ruffian (Naga Transmuter)          Turns: 1619, Time: 00:05:54

Health: -4/31      AC:  6    Str: 12    XL:     3   Next: 85%
Magic:  4/6        EV: 10    Int: 14    God:
Gold:   106        SH:  0    Dex: 11    Spells: 0/6 levels left

rFire    . . .     SeeInvis +     - Unarmed
rCold    . . .     Gourm    .   (no shield)
rNeg     . . .     Faith    .   b - +0 robe
rPois    +         Spirit   .   (no helmet)
rElec    .         Reflect  .   e - +2 cloak
rCorr    .         Harm     .   f - +0 pair of gloves
MR       .....                  (no barding)
Stlth    +.........             (no amulet)
HPRegen  0.10/turn              (no ring)
MPRegen  0.10/turn              (no ring)

@: short of breath, slowed, very slow
A: large, see invisible, deformed body, poison resistance, slowness 2, slow
metabolism 1, spit poison 1, AC +1
a: Spit Poison


You were on level 2 of the Dungeon.
You were hungry.

You visited 1 branch of the dungeon, and saw 3 of its levels.

You collected 106 gold pieces.

Inventory:

Missiles
 a - 12 arrows
Armour
 b - a +0 robe (worn)
 e - a +2 cloak (worn)
 f - a +0 pair of gloves (worn)
Scrolls
 h - a scroll of immolation {unknown}
 j - 3 scrolls of teleportation {unknown}
 k - a scroll of random uselessness {unknown}
 m - a scroll of remove curse {unknown}
Potions
 g - a potion of cancellation {unknown}
 i - 2 potions of brilliance {unknown}
 l - a potion of heal wounds {unknown}
Books
 c - a book of Changes

   Spells                             Type                      Level
   a - Beastly Appendage              Transmutation                1
   b - Sticks to Snakes               Transmutation                2
   c - Spider Form                    Transmutation/Poison         3
   d - Ice Form                       Ice/Transmutation            4
   e - Blade Hands                    Transmutation                5
Comestibles
 d - 3 rations


   Skills:
 - Level 1.0 Fighting
 - Level 1.5 Dodging
 + Level 3.5 Unarmed Combat
 - Level 2.0 Spellcasting
 * Level 3.4 Transmutations
 + Level 1.1 Poison Magic


You couldn't memorise any spells.
You knew the following spells:

 Your Spells              Type           Power        Failure   Level  Hunger
a - Beastly Appendage     Tmut           ##....       6%          1    ##.....
b - Sticks to Snakes      Tmut           ##......     9%          2    ###....
c - Spider Form           Tmut/Pois      #.........   28%         3    ####...


Dungeon Overview and Level Annotations

Branches:
Dungeon (3/15)

Altars:
Kikubaaqudgha


Innate Abilities, Weirdness & Mutations

You cannot wear boots.
Your serpentine skin is tough. (AC +1)
You have supernaturally acute eyesight. (SInv)
Armour fits poorly on your strangely shaped body.
Your system is resistant to poisons. (rPois)
You cover ground very slowly.
You have a slow metabolism.
You can spit poison.


Message History

No target in view!
You see here 24 stones.
Found a leather armour.
m - a scroll labeled ZUIM TULAI
d - 3 rations (gained 1)
j - 3 scrolls labeled SEARAR QASAVA (gained 1)
You now have 96 gold pieces (gained 14).
Found 12 stones. 2 orcs come into view.
The orc shouts!
You hear a shout! x3
Found 15 gold pieces.
An orc priest comes into view.
There are monsters nearby!
An orc and an orc wizard come into view.
The orc shouts!
The orc moves out of view.
An orc comes into view. It is wielding a club.
The orc shouts!
Found 12 gold pieces.
An orc comes into view. It is wielding a short sword.
Found 20 sling bullets.
You now have 106 gold pieces (gained 10).
An orc is nearby!
The orc wizard mumbles some strange words.
The orc wizard blinks!
The orc hits you but does no damage.
You barely miss the orc. The orc hits you with a short sword.
You take 4 damage, and have 27/31 hp.
Casting: Beastly Appendage
Confirm with . or Enter, or press ? or * to list all spells.
You turn into a venomous arachnid creature.
Your +2 cloak melds into your body.
Your +0 pair of gloves melds into your body.
Your +0 robe melds into your body.
The orc hits you with a short sword.
You take 2 damage, and have 25/31 hp.
You now have 3/6 mp.
The orc wizard casts a spell.
The orc wizard seems to speed up.
The orc completely misses you.
You hit the orc wizard.
The orc wizard is poisoned.
The orc wizard is moderately wounded.
The orc wizard casts a spell.
The orc wizard blinks!
The orc barely misses you. The orc barely misses you.
The orc wizard points at you and mumbles some strange words.
You feel yourself slow down.
You hit the orc.
The orc is poisoned.
The orc is severely wounded.
You kill the orc!
The orc wizard gestures wildly while chanting.
The orc wizard blinks!
Your transformation is almost over.
The orc wizard misses you.
The orc wizard gestures at you while chanting.
The magic dart hits you!
You take 5 damage, and have 21/31 hp.
You barely miss the orc wizard.
The orc wizard is heavily wounded.
The orc wizard hits you but does no damage.
The orc wizard points at you and mumbles some strange words.
The magic dart hits you!
* * * LOW HITPOINT WARNING * * *
You take 9 damage, and have 12/31 hp.
MASSIVE DAMAGE!!
You barely miss the orc wizard.
The orc wizard is heavily wounded.
The orc wizard looks more healthy.
The orc wizard completely misses you.
The orc wizard hits you but does no damage.
You hit the orc wizard but do no damage.
The orc wizard is heavily wounded.
The orc wizard gestures at you while chanting.
The magic dart hits you!
* * * LOW HITPOINT WARNING * * *
The orc wizard barely misses you.
You take 6 damage, and have 6/31 hp.
You hit the orc wizard.
The orc wizard is severely wounded.
The orc wizard hits you but does no damage.
The orc wizard completely misses you.
You hit the orc wizard but do no damage.
The orc wizard is severely wounded.
The orc wizard misses you. x2
You closely miss the orc wizard.
The orc wizard is severely wounded.
Your transformation has ended.
Your +2 cloak unmelds from your body.
Your +0 pair of gloves unmelds from your body.
Your +0 robe unmelds from your body.
The orc wizard hits you but does no damage.
The orc wizard gestures at you while chanting.
The magic dart hits you!
* * * LOW HITPOINT WARNING * * *
The orc wizard hits you but does no damage.
You take 4 damage, and have 3/31 hp.
Press: ? - help, Shift-Dir - straight line, f - orc wizard
Aim: an orc wizard, wielding an enchanted dagger and wearing a robe (severely wounded, fast)
The splash of poison hits the orc wizard.
The orc wizard is almost dead.
You are feeling hungry.
The orc wizard hits you but does no damage.
The orc wizard casts a spell at you. The magic dart hits you!
You die...

###.# #.....# #####.. ...#
#.....###......# #..#
#.#.#.#......... #..#
#.#.#.#.#....... #..#
#.#.#.#.........
......#..####.#.#.#(........
......#.........).........#
.o....#...###.##.........?#
......#.#.......@.........#
.oo..##.#.###.##o.........#
#oo$###.#.# #.##.......####
######..#.. #.####.....#
.......###. #.# #.....#
.#.##### .##.# ......# ...#
.. ...... .### ....# ..


You could see an orc wizard.

Vanquished Creatures
  2 oozes
  2 dart slugs (D:1)
  An orc (D:2)
  3 bats (D:1)
  A giant cockroach (D:1)
  5 goblins (D:1)
  3 hobgoblins
  4 jackals (D:1)
  4 kobolds
  3 ball pythons
  4 frilled lizards (D:1)
  5 rats
37 creatures vanquished.

Notes
Turn   | Place    | Note
-------+----------+-------------------------------------------
     0 | D:1      | Monsterracer the Naga Transmuter began the quest for the Orb.
     0 | D:1      | Reached XP level 1. HP: 18/18 MP: 3/3
    29 | D:1      | HP: 9/18 [bat (1)]
   266 | D:1      | Reached XP level 2. HP: 25/25 MP: 5/5
   270 | D:1      | Learned a level 2 spell: Sticks to Snakes
   620 | D:1      | Reached XP level 3. HP: 26/31 MP: 4/6
   625 | D:1      | Learned a level 3 spell: Spider Form
  1214 | D:2      | Found an ancient bone altar of Kikubaaqudgha.
  1280 | D:2      | You fall through a shaft!
  1293 | D:3      | Reached skill level 1 in Poison Magic
  1613 | D:2      | HP: 12/31 [orc wizard/magic dart (9)]
  1618 | D:2      | HP: 3/31 [orc wizard/magic dart (4)]
  1619 | D:2      | Killed from afar by an orc wizard

Skill      XL: |  1  2  3 |
---------------+----------+-----
Transmutations | 3 |  3.4
Poison Magic   | 1 |  1.1
Fighting       | |  1.0
Dodging        | |  1.5
Unarmed Combat | |  3.5
Spellcasting   | |  2.0

Action                   || total
-------------------------++-------
Melee: Unarmed           ||   123
       Headbutt          ||     4
       Punch             ||     2
 Cast: Beastly Appendage ||     5
       Spider Form       ||     1
 Abil: Spit Poison       ||    13
 Stab: Sleeping          ||     2
  Eat: Chunk             ||     2
Armor: Robe              ||    56
Dodge: Dodged            ||    84

Vault maps used:
D:1:      minmay_arrival_radiant_lines
D:2:      cheibrodos_pilgrimage, lemuel_crystal_altar, uniq_natasha
D:3:      zin_treasury, okawaru_metal_pillars_1_2,
          nicolae_overflow_crystal_walls, minmay_overflow_temple_hex
